 Dungeon Crawl Stone Soup version 0.29.0-13-gc9e81de378 (webtiles) character file.

Game seed: 3076457188411117780

16 SnakkuSnakku7 the Ducker (level 2, -2/25 HPs)
             Began as a Djinni Monk on Sept 8, 2022.
             Slain by a quokka (3 damage)
             ... on level 1 of the Dungeon.
             The game lasted 00:00:30 (227 turns).

SnakkuSnakku7 the Ducker (Djinni Monk)               Turns: 227, Time: 00:00:31

Health: -2/25      AC:  2    Str: 10    XL:     2   Next: 70%
Gold:   0          EV: 13    Int: 11    God:
                   SH:  0    Dex: 15

rFire   + + .      SeeInvis .   a - +0 falchion
rCold   x . .      Faith    .   (no shield)
rNeg    . . .      Spirit   .   b - +0 robe
rPois   ∞          Reflect  .   (no helmet)
rElec   .          Harm     .   (no cloak)
rCorr   .          Rampage  .   (no gloves)
Will    .....                   (boots unavailable)
Stlth   ++........              (no amulet)
HPRegen 0.08/turn               (no ring)
MPRegen 0.00/turn               (no ring)

@: flying
A: sickness immunity, fire resistance 2, cold vulnerability 1, float, innate
caster, HP casting, extra vitality 1
a: no special abilities


You were on level 1 of the Dungeon.
You visited 1 branch of the dungeon, and saw 1 of its levels.

Inventory:

Hand Weapons
 a - a +0 falchion (weapon)
Armour
 b - a +0 robe (worn)


   Skills:
 - Level 3.0 Fighting
 - Level 2.6 Long Blades
 - Level 3.2 Dodging
 - Level 1.5 Stealth
 + Level 1.5 Spellcasting


You had 4 spell levels left.
You didn't know any spells.
Your spell library was empty.

Dungeon Overview and Level Annotations

Branches:
Dungeon (1/15)

Altars:


Innate Abilities, Weirdness & Mutations

You are immune to sickness and miasma.
You are immune to poison.
Your flesh is very heat resistant. (rF++)
You are vulnerable to cold. (rC-)
You float through the air rather than walking.
You learn spells naturally, not from books.
Your magical power is your life essence.
You have superior vitality. (+4 MHP)


Message History

You feel less invigorated.
You feel less confused. The hobgoblin completely misses you.
The goblin hits you with a +0 club. The goblin completely misses you.
The hobgoblin barely misses you. The hobgoblin hits you. The goblin misses you.
A goblin comes into view. It is wielding a +0 club.
The goblin attacks as you move away! The goblin hits you with a +0 club.
The hobgoblin attacks as you move away! The hobgoblin barely misses you.
The hobgoblin attacks as you move away! The hobgoblin hits you.
You closely miss the goblin. The goblin closely misses you.
You hit the goblin.
The goblin is heavily wounded.
The goblin misses you.
You slash the goblin!
You kill the goblin!
The hobgoblin hits you.
You hit the hobgoblin.
You kill the hobgoblin!
You hit the endoplasm.
You kill the endoplasm!
The quokka bites you but does no damage.
Things that are here:
a +0 club; a hobgoblin corpse; a goblin corpse You barely miss the quokka.
The quokka misses you. x2
You barely miss the quokka. The quokka closely misses you.
You barely miss the quokka. The quokka misses you.
The quokka barely misses you.
You hit the quokka. You punch the quokka.
The quokka is moderately wounded.
The quokka closely misses you.
You hit the quokka.
The quokka is severely wounded.
The quokka bites you.
* * * LOW HITPOINT WARNING * * *
You closely miss the quokka.
The quokka is severely wounded.
The quokka bites you.
* * * LOW HITPOINT WARNING * * *
The quokka bites you.
You die...

......#.#.#.#.#..#### #
######
#...................#.## .
...........#.r.....#..#..
..............J..........
...........###...........
#...........#........... .#
#.........####........
....##.........###..#...###
................@rS## ..#
....##.........##### .# ...
########### # .. #


You could see a quokka and a ball python.

Vanquished Creatures
  2 dart slugs (D:1)
  An endoplasm (D:1)
  A goblin (D:1)
  2 hobgoblins (D:1)
  3 bats (D:1)
  2 kobolds (D:1)
  2 rats (D:1)
13 creatures vanquished.

Notes
Turn   | Place    | Note
-------+----------+-------------------------------------------
     0 | D:1      | SnakkuSnakku7 the Djinni Monk began the quest for the Orb.
     0 | D:1      | Reached XP level 1. HP: 20/20 MP: 0/0
    47 | D:1      | Reached skill level 1 in Spellcasting
    47 | D:1      | Reached XP level 2. HP: 16/25 MP: 0/0
   227 | D:1      | HP: 1/25 [quokka (5)]
   227 | D:1      | Slain by a quokka

Illustrated notes

Levels and vault maps discovered:
D:1:      zelgadis_glass_arrival_small, layout_rooms,
          ebering_ecumenical_altar_box

Skill      XL: |  1 |
---------------+----+-----
Spellcasting   | 1 |  1.5
Fighting       | |  3.0
Long Blades    | |  2.6
Dodging        | |  3.2
Stealth        | |  1.5

Action                   || total
-------------------------++-------
Melee: Falchion          ||    42
       Punch             ||     3
  Use: Potion            ||     1
Armor: Robe              ||     9
Dodge: Dodged            ||    49
